[Event "*** Titled Tuesday Blitz"]
[Site "Chess.com"]
[Date "2020.05.12"]
[Round "9"]
[White "DaggiGretarsson"]
[Black "Matalon"]
[Result "0-1"]
[WhiteElo "2545"]
[BlackElo "2361"]
[TimeControl "180+1"]
[EndTime "11:43:30 PDT"]
[Termination "Matalon won on time"]

1. d4 Nf6 2. c4 g6 3. Nc3 Bg7 4. e4 d6 5. f4 O-O 6. Nf3 Na6 7. Bd3 e5 8. fxe5 dxe5 9. d5 Nc5 10. Bc2 a5 11. O-O Bg4 12. Qe1 Bxf3 13. Rxf3 Ne8 14. Be3 b6 15. a3 Nd6 16. b4 axb4 17. axb4 Rxa1 18. Qxa1 Ncxe4 19. Nxe4 Nxe4 20. Bxe4 f5 21. Qb1 fxe4 22. Qxe4 Rxf3 23. gxf3 Qa8 24. c5 Qa1+ 25. Kg2 Qb2+ 26. Kg3 bxc5 27. bxc5 Qc3 28. d6 Qe1+ 29.
Bf2 Qxe4 30. fxe4 c6 31. d7 Bf6 32. Be1 Bd8 33. Bc3 Kf7 34. Bxe5 Ke6 35. Bd6 Kxd7 36. Kf4 Ke6 37. h3 h5 38. e5 g5+ 39.
Ke4 Ba5 40. Bf8 Bc3 41. Bd6 g4 42. hxg4 hxg4 43. Bb8 g3 44. Kf3 Bxe5 45. Ba7 Kd5 46. Kg2 Ke4 47. Bb6 Kd5 48. Ba7 Bc7 0-1

[Event "*** Titled Tuesday Blitz"]
[Site "Chess.com"]
[Date "2020.05.12"]
[Round "9"]
[White "FGHSMN"]
[Black "davigator"]
[Result "0-1"]
[WhiteElo "2488"]
[BlackElo "2384"]
[TimeControl "180+1"]
[EndTime "11:43:31 PDT"]
[Termination "davigator won by resignation"]

1. e4 c5 2. Nf3 Nc6 3. d4 cxd4 4. Nxd4 Nf6 5. Nc3 d6 6. Be2 e6 7. O-O Be7 8. Be3 O-O 9. Qd2 a6 10. a4 Qc7 11. f4 Na5 12. Rad1 b6 13. Bd3 Bb7 14.
Qe2 Rfc8 15. Rfe1 Nc4 16. Bxc4 Qxc4 17. Qxc4 Rxc4 18. e5 dxe5 19. fxe5 Ng4 20. Nb3 Nxe3 21. Rxe3 Bc6 22. Red3 h6 23. Nd4 Be8 24. Kh1 Rac8 25.
Ne4 Rxa4 26. b3 Ra5 27. Nd6 Bxd6 28. exd6 Bd7 29. c4 f6 30. Rc3 Rac5 31. Rdc1 e5 32. Nc2 a5 33. Ne3 Kf7 34. Nd5 R8c6 35. b4 axb4 36.
Nxb4 Rxd6 37. Nd5 Be6 38. Ne3 f5 39. g3 g5 40. Rf1 f4 41. gxf4 exf4 42. Rc2 Kg6 43.
Ng2 Rxc4 44. Re2 Rcd4 45. h4 Bc4 46. Ref2 Bxf1 47. Rxf1 Kf5 48. hxg5 hxg5 49. Ne3+ Ke4 50. Ng4 Rd2 51. Kg1 R6d3 52. Nf2+ Ke3 53. Nxd3 Rxd3 54. Rb1 Rd6 55. Rb3+ Ke4 56. Rb4+ Kf3 57. Rb3+ Kg4 58. Kg2 Rd2+ 59. Kg1 f3 60. Rb5 Kf4 61. Kf1 g4 62.
Rxb6 Kg3 63. Rb1 Rh2 0-1

[Event "*** Titled Tuesday Blitz"]
[Site "Chess.com"]
[Date "2020.05.12"]
[Round "9"]
[White "chenrip"]
[Black "maurito96"]
[Result "0-1"]
[WhiteElo "2320"]
[BlackElo "2223"]
[TimeControl "180+1"]
[EndTime "11:43:31 PDT"]
[Termination "maurito96 won on time"]

1. e4 Nf6 2. e5 Nd5 3. Bc4 Nb6 4. Bb3 d6 5. exd6 cxd6 6. h3 g6 7. d4 Bg7 8. Nf3 O-O 9. O-O Nc6 10. c3 e5 11. Bg5 Qc7 12. dxe5 dxe5 13. Nbd2 Bf5 14.
Re1 h6 15. Bh4 Rfe8 16. Bg3 Rad8 17. Qe2 Nd5 18. Nh4 Be6 19. Ne4 Nf4 20. Bxf4 exf4 21.
Qb5 a6 22. Qa4 Ne5 23. Bxe6 Rxe6 24. Rad1 Rxd1 25. Qxd1 Nc4 26. b3 Nd6 27. Nxd6 Qxd6 28. Qxd6 Rxd6 29. c4 Kf8 30. Nf3 Re6 31. Rd1 Ke7 32.
a3 Re2 33. b4 Bb2 34. Rd3 Rc2 35. c5 Rc3 36. Rd5 Rxa3 37. Nd2 Rc3 38. Ne4 Rc1+ 39.
Kh2 Ba3 40. Nd6 Bxb4 41. Nxb7 a5 42. c6 Rxc6 43. Nxa5 Rc2 44. Kg1 Ke6 45. Rb5 Bc5 0-1

[Event "*** Titled Tuesday Blitz"]
[Site "Chess.com"]
[Date "2020.05.12"]
[Round "9"]
[White "nitpicker"]
[Black "MisiekZielony"]
[Result "1-0"]
[WhiteElo "2276"]
[BlackElo "2118"]
[TimeControl "180+1"]
[EndTime "11:43:31 PDT"]
[Termination "nitpicker won on time"]

1. d4 d5 2. c4 c6 3. Nf3 Nf6 4. Nc3 dxc4 5. a4 a5 6. e3 Bg4 7. Bxc4 e6 8. h3 Bh5 9. Be2 Bb4 10. Ne5 Bxe2 11. Qxe2 Nbd7 12. Nd3 c5 13. Nxb4 axb4 14. Nb5 cxd4 15. exd4 O-O 16. Bd2 Nd5 17. Qc4 Qa5 18.
O-O N7b6 19. Qd3 Nxa4 20. Nd6 Qd8 21. Nxb7 Qb6 22. Qb3 Qxb7 23. Rxa4 Rxa4 24. Qxa4 Ra8 25. Qb3 Qb6 26. Qc4 h6 27. Rc1 Qa7 28. Be3 Qa2 29.
Qc2 b3 30. Qd2 Qa6 31. g3 Qb7 32. Kh2 Ra6 33. Rc5 Rc6 34. Qc1 Rxc5 35. dxc5 Qc6 36. Bd4 f6 37. Qc4 Kh7 38. Qxb3 e5 39. Qd3+ Kh8 40.
Be3 Nb4 41. Qc4 Nd5 42. Bd2 Nc7 43. b4 1-0

[Event "*** Titled Tuesday Blitz"]
[Site "Chess.com"]
[Date "2020.05.12"]
[Round "9"]
[White "Kapibara_Warri0r"]
[Black "AthanasiusLefebvre"]
[Result "1-0"]
[WhiteElo "2064"]
[BlackElo "2009"]
[TimeControl "180+1"]
[EndTime "11:43:31 PDT"]
[Termination "Kapibara_Warri0r won by resignation"]

1. e4 c5 2. Nf3 e6 3. d4 cxd4 4. Nxd4 a6 5. c4 Qc7 6. Nc3 Nc6 7. a3 Nf6 8. Be3 Ne5 9. Rc1 Nxc4 10. Bxc4 Qxc4 11. Nd5 exd5 12. Rxc4 dxc4 13. f3 Bc5 14. Nf5 Bxe3 15. Nxe3 O-O 16. Nxc4 d5 17. Nb6 Rb8 18.
exd5 Re8+ 19. Kf2 Rd8 20. Re1 Be6 21. d6 Nd7 22. Qd4 Nxb6 23. Qxb6 Rd7 24. Rd1 Rbd8 25. Kg3 Kf8 26. Rd3 Bc4 27. Rd4 Bb5 28. Qc5 Bc6 29.
b4 Re8 30. Qf5 Kg8 31. Rf4 Re6 32. Rd4 Rg6+ 33. Kf2 Rf6 34. Qe5 Re6 35. Qf5 g6 36. Qf4 Kg7 37. h4 h5 38. Rd2 Rf6 39. Qe5 Rd8 40.
Qe7 Re8 41. Qc7 1-0

[Event "*** Titled Tuesday Blitz"]
[Site "Chess.com"]
[Date "2020.05.12"]
[Round "9"]
[White "Mfcyryd"]
[Black "A-Fier"]
[Result "0-1"]
[WhiteElo "2589"]
[BlackElo "2779"]
[TimeControl "180+1"]
[EndTime "11:43:32 PDT"]
[Termination "A-Fier won by checkmate"]

1. e4 c5 2. Nf3 e6 3. d4 cxd4 4. Nxd4 Nf6 5. Nc3 d6 6. h4 Be7 7.
g4 a6 8. Be3 b5 9. a3 Bb7 10. f3 Nfd7 11. Bf2 Nb6 12. Qd2 N8d7 13. O-O-O Rc8 14. g5 Ne5 15. f4 Nec4 16. Qd3 g6 17. h5 Rf8 18. hxg6 hxg6 19. Rh7 e5 20.
Nf3 exf4 21. Bh3 Rc7 22. e5 Bxf3 23. Qxf3 Nxe5 24. Qe4 Rxc3 25. bxc3 Nbc4 26. Bd4 Bxg5 27. Bxe5 Nxe5 28. Kb2 Qc7 29. Be6 Ke7 30. Bd5 Kf6 31. Rg1 Qc5 32. Qg2 Bh6 33. Rxh6 Kg7 34. Qh2 Qxd5 35.
Qh4 Ra8 36. Rh7+ Kf8 37. Qf6 Ke8 38. Re1 Kd7 39. Rxe5 Qxe5 40. Rxf7+ Kc6 41. Qxe5 dxe5 42. Rf6+ Kd5 43. Rxg6 Ke4 44. Kc1 Rd8 45. Rxa6 f3 46.
Rf6 Ke3 47. c4 bxc4 48. a4 Ke2 49. a5 e4 50. a6 e3 51. a7 f2 52. Rf8 Rxf8 53.
a8=Q Rxa8 54. c3 f1=Q+ 55. Kc2 Qd1+ 56. Kb2 Qb3+ 57. Kc1 Ra1# 0-1

[Event "*** Titled Tuesday Blitz"]
[Site "Chess.com"]
[Date "2020.05.12"]
[Round "9"]
[White "Mili_Brizzi"]
[Black "kasparicy"]
[Result "1-0"]
[WhiteElo "2468"]
[BlackElo "2320"]
[TimeControl "180+1"]
[EndTime "11:43:32 PDT"]
[Termination "Mili_Brizzi won by resignation"]

1. d4 Nf6 2. c4 g6 3. Nc3 d5 4. Bg5 Bg7 5. Nf3 Ne4 6. Bh4 Nxc3 7. bxc3 c5 8. e3 O-O 9. Be2 Qa5 10. O-O cxd4 11.
cxd4 Nc6 12. Qb3 dxc4 13. Bxc4 Qh5 14. Be2 e5 15. d5 Na5 16. Qb4 b6 17. e4 f5 18. Be7 Rf7 19. exf5 gxf5 20. Rae1 Qg6 21. d6 Bd7 22. Bc4 Nxc4 23. Qxc4 Rc8 24. Qb3 e4 25.
Nh4 Qh6 26. g3 Bf6 27. Bxf6 Qxf6 28. Rd1 Kh8 29. Rc1 Rff8 30. Rxc8 Rxc8 31. Qd5 Qe6 32. Qd4+ Kg8 33. Ng2 Rc4 34. Qd2 Rc6 35. Qg5+ Qg6 36.
Qd8+ Qe8 37. Qg5+ Qg6 38. Qh4 Rxd6 39. Nf4 Qg7 40. Rc1 Rc6 41. Rd1 Rc8 42. Nh5 Qg4 43.
Nf6+ Kf7 44. Nxg4 1-0

[Event "*** Titled Tuesday Blitz"]
[Site "Chess.com"]
[Date "2020.05.12"]
[Round "9"]
[White "Margarita2907"]
[Black "scabies1"]
[Result "1-0"]
[WhiteElo "2026"]
[BlackElo "2177"]
[TimeControl "180+1"]
[EndTime "11:43:32 PDT"]
[Termination "Margarita2907 won by resignation"]

1. d4 Nf6 2. Nf3 e6 3. e3 d5 4.
Bd3 c5 5. b3 Nc6 6. a3 Be7 7.
Bb2 O-O 8. O-O a6 9. Nbd2 b5 10. dxc5 Bxc5 11. Qe2 Bb7 12. c4 bxc4 13. bxc4 Qe7 14.
cxd5 exd5 15. Nb3 Bd6 16. Nbd4 Qd7 17. Nf5 Be7 18. Nxe7+ Qxe7 19. Nd4 Ne5 20. Nf5 Qe6 21. Bc2 Rac8 22. Bd4 Rfe8 23. Ng3 Nc4 24. Bf5 Qd6 25. Bxc8 Bxc8 26. a4 Bg4 27. Qc2 h5 28. h3 Bd7 29.
Bxf6 Qxf6 30. Nxh5 Qg5 31. Ng3 Nxe3 32. fxe3 Qxg3 33. Rf3 Qg5 34. Qc7 Rxe3 35. Rxe3 Qxe3+ 36. Kh2 Be6 37. Rb1 Qd3 38. Rb8+ Kh7 39. Qd8 Qd4 40. Qh8+ Kg6 41. Rb3 f5 42. Rg3+ Kf7 43. Qb8 a5 44.
Qc7+ Ke8 45. Qxa5 Qe5 46. Qa8+ Ke7 47. Qb7+ Ke8 48. Qxg7 Qxg7 49. Rxg7 d4 50. Kg3 Kf8 51. Ra7 1-0

[Event "*** Titled Tuesday Blitz"]
[Site "Chess.com"]
[Date "2020.05.12"]
[Round "9"]
[White "rakshi2005"]
[Black "today_good_day"]
[Result "0-1"]
[WhiteElo "2252"]
[BlackElo "2107"]
[TimeControl "180+1"]
[EndTime "11:43:32 PDT"]
[Termination "today_good_day won by resignation"]

1. e4 c5 2. Nf3 d6 3. d4 cxd4 4. Nxd4 Nf6 5. Nc3 Nc6 6. g3 e5 7. Nxc6 bxc6 8. Bg2 Be7 9. O-O O-O 10. h3 Rb8 11. Rb1 Be6 12. f4 Bc4 13. Rf2 exf4 14. Bxf4 d5 15. e5 Nd7 16. Qh5 Bc5 17. Qg4 Bxf2+ 18.
Kxf2 Kh8 19. Kg1 Rb7 20. Re1 Nc5 21. Bg5 Qd7 22. Qh4 Ne6 23. Ne4 Nxg5 24. Nxg5 Qf5 25. g4 Qg6 26. b3 Ba6 27. e6 f6 28. e7 Re8 29. Ne6 Rbxe7 30. g5 Rxe6 31. Rxe6 Rxe6 32.
Qg4 Re1+ 33. Kh2 Qe8 34. gxf6 Qe5+ 35. Qg3 Qxg3+ 36. Kxg3 gxf6 37. Kf2 Re2+ 38. Kf3 Rxg2 39. Kxg2 Kg7 0-1

[Event "*** Titled Tuesday Blitz"]
[Site "Chess.com"]
[Date "2020.05.12"]
[Round "9"]
[White "GM-2023"]
[Black "pfalcon1949"]
[Result "0-1"]
[WhiteElo "2068"]
[BlackElo "1999"]
[TimeControl "180+1"]
[EndTime "11:43:33 PDT"]
[Termination "pfalcon1949 won on time"]

1. e4 e6 2. d4 d5 3. Nc3 Bb4 4.
e5 c5 5. a3 Bxc3+ 6. bxc3 Qa5 7. Qd2 Ne7 8. a4 b6 9. Nf3 Ba6 10. Bxa6 Nxa6 11. O-O O-O 12. h4 cxd4 13. Qg5 Rfe8 14.
Ba3 Nf5 15. g4 Qxc3 16. gxf5 Qxf3 17. f6 g6 18. Kh2 Kh8 19. Rad1 Nc5 20. Bxc5 bxc5 21.
Rd3 Qf5 22. Qh6 Rg8 23. f4 Rab8 24. Rg3 Rb2 25. Rf2 Rxc2 26. Rxc2 Qxc2+ 27. Rg2 Qf5 28. Rg5 Qxf4+ 29. Kh3 Qf1+ 30. Kh2 Qf2+ 31. Kh3 Qe3+ 32.
Kh2 Qf4+ 33. Kh3 Qe3+ 34. Kh2 c4 35. h5 Qf4+ 36. Kh3 Qf3+ 37. Kh2 Qf2+ 38. Kh3 Qf1+ 39. Kh2 Qe2+ 40. Kh3 d3 41. hxg6 fxg6 42. f7 Qf3+ 43. Kh2 Qxf7 44. Rg3 Rf8 0-1

[Event "*** Titled Tuesday Blitz"]
[Site "Chess.com"]
[Date "2020.05.12"]
[Round "9"]
[White "pooh2012"]
[Black "ZoltanChef"]
[Result "1-0"]
[WhiteElo "2451"]
[BlackElo "2118"]
[TimeControl "180+1"]
[EndTime "11:43:35 PDT"]
[Termination "pooh2012 won on time"]

1. e4 g6 2. Nf3 Bg7 3. h4 d5 4.
exd5 Qxd5 5. Nc3 Qe6+ 6. Be2 Nf6 7. d3 Nc6 8. Ng5 Qd7 9. Nge4 Nd4 10. Nxf6+ Bxf6 11. h5 Qc6 12. Kf1 Nxe2 13. Qxe2 Be6 14.
Ne4 Bg7 15. h6 Be5 16. Ng5 Bd5 17. f3 Bf6 18. Ne4 Bd4 19. c3 Be5 20. Be3 f5 21. Nc5 b6 22. Nb3 O-O-O 23. Kf2 Bf6 24. Nd4 Qb7 25.
a4 e5 26. Nc2 a5 27. b4 axb4 28. Nxb4 e4 29. fxe4 fxe4 30. d4 Rhf8 31. Kg1 Be6 32. a5 b5 33. a6 Qb6 34. d5 Bxd5 35. Bxb6 Bc4 36. Qe3 cxb6 37. Qxb6 1-0

[Event "*** Titled Tuesday Blitz"]
[Site "Chess.com"]
[Date "2020.05.12"]
[Round "9"]
[White "Vesper2018"]
[Black "MathiasWomacka"]
[Result "0-1"]
[WhiteElo "2246"]
[BlackElo "2443"]
[TimeControl "180+1"]
[EndTime "11:43:36 PDT"]
[Termination "MathiasWomacka won on time"]

1. e4 c5 2. Nc3 Nc6 3. Bb5 Nd4 4. Bc4 e6 5. Nge2 Nf6 6. O-O a6 7. a4 d5 8. exd5 exd5 9. Ba2 Be7 10. Nxd4 cxd4 11.
Ne2 d3 12. cxd3 Bf5 13. d4 O-O 14. d3 Qb6 15. Bb3 a5 16. Bf4 Rac8 17. Be5 Rfe8 18. Nc3 Red8 19. Re1 Bxd3 20. Nb5 Bc4 21. Bxc4 dxc4 22.
Rc1 Nd5 23. Qe2 Bb4 24. Red1 f6 25. Bg3 Re8 26. Qf3 Qd8 27. Nd6 Nb6 28. Nxe8 Qxe8 29. Qxb7 Nxa4 30. Rc2 c3 31. b3 Nb2 32. Rf1 Rd8 33.
d5 Qe4 34. Qc7 Rxd5 35. Rxc3 Bxc3 36. Qxc3 Nd3 37. Rd1 h5 38. h4 Nf4 39. f3 Rxd1+ 40.
Kh2 Qf5 41. Qc4+ Kh7 42. Bxf4 Qd5 0-1

[Event "*** Titled Tuesday Blitz"]
[Site "Chess.com"]
[Date "2020.05.12"]
[Round "9"]
[White "Leonid_Starozhilov"]
[Black "TudorAnton"]
[Result "0-1"]
[WhiteElo "2628"]
[BlackElo "2500"]
[TimeControl "180+1"]
[EndTime "11:43:37 PDT"]
[Termination "TudorAnton won by resignation"]

1. c4 c5 2. Nc3 Nc6 3. Nf3 g5 4. Nxg5 Bg7 5. Nf3 d6 6. g3 h5 7. h4 Bg4 8. Bg2 e6 9. d3 Nge7 10. O-O Ng6 11. Bg5 f6 12. Be3 Qd7 13. a3 O-O 14.
Rb1 f5 15. Bg5 f4 16. Nh2 Nd4 17. Nxg4 hxg4 18. e3 fxe3 19. fxe3 Nf3+ 20. Bxf3 gxf3 21. d4 cxd4 22. exd4 Qc6 23. Qd3 f2+ 24. Kh2 Rf5 25. d5 Qe8 26. dxe6 Qxe6 27. Qe2 Ne5 28. Kg2 Raf8 29. Nd5 Rf3 30. Nf4 Qg4 31. Rxf2 Rxg3+ 32. Kh1 Qf5 33. Rg2 Qxb1+ 34. Kh2 Rxg2+ 35. Qxg2 Qf5 36. Qd5+ Kh8 37. c5 Ng4+ 38. Kg3 Qxd5 39. Nxd5 Nf6 40. Ne7 dxc5 41. Ng6+ Kg8 42. Nxf8 Kxf8 43. b3 Ne4+ 44. Kf4 Nxg5 45. hxg5 Bb2 46. Ke4 Bxa3 47. Kd5 Bb4 48. Kd6 a5 49. Kc7 c4 50. bxc4 a4 51. Kxb7 a3 0-1

[Event "*** Titled Tuesday Blitz"]
[Site "Chess.com"]
[Date "2020.05.12"]
[Round "9"]
[White "eightbyeightchess"]
[Black "JoachimMouhamad"]
[Result "1-0"]
[WhiteElo "2380"]
[BlackElo "2214"]
[TimeControl "180+1"]
[EndTime "11:43:37 PDT"]
[Termination "eightbyeightchess won on time"]

1. e4 e5 2. Nf3 Nc6 3. Bb5 a6 4. Ba4 Nf6 5. d4 Nxe4 6. O-O b5 7. Bb3 d5 8. dxe5 Be6 9. a4 Rb8 10. axb5 axb5 11. c3 Be7 12. Nbd2 Nxd2 13. Bxd2 O-O 14.
Qe2 Ra8 15. Qxb5 Qd7 16. Ba4 Nb8 17. Qb3 Qc8 18. Nd4 Na6 19. Bc6 Nc5 20. Rxa8 Qxa8 21.
Qc2 Qa6 22. b4 Ne4 23. Be3 Qc4 24. Rc1 Rb8 25. f3 Ng5 26. h4 Nxf3+ 27. gxf3 Bxh4 28. Qe2 Qxe2 29. Nxe2 Be7 30. Rd1 Rd8 31. b5 f6 32.
exf6 Bxf6 33. Bd4 Bg5 34. f4 Bh4 35. Be5 Bg4 36. Rd2 Be1 37. Ra2 g5 38. fxg5 Kf7 39.
Nf4 Bg3 40. Kg2 Bh4 41. Bxd5+ Kf8 42. Bf6 Rd6 43. Ra8+ 1-0

[Event "*** Titled Tuesday Blitz"]
[Site "Chess.com"]
[Date "2020.05.12"]
[Round "9"]
[White "abykhovsky"]
[Black "TregubovP"]
[Result "1/2-1/2"]
[WhiteElo "2669"]
[BlackElo "2553"]
[TimeControl "180+1"]
[EndTime "11:43:38 PDT"]
[Termination "Game drawn by repetition"]

1. d4 Nf6 2. Nf3 e6 3. Bg5 h6 4. Bh4 b6 5. e3 Bb7 6. Bd3 Be7 7. O-O O-O 8. c4 c5 9. Nc3 cxd4 10. exd4 d5 11. Qe2 Nbd7 12. Rfe1 Rc8 13. Ne5 dxc4 14. Bxc4 Nd5 15. Bxd5 Bxd5 16. Nxd7 Qxd7 17. Bxe7 Bc4 18. Qg4 Qxe7 19. d5 Qg5 20. Qxg5 hxg5 21. dxe6 Bxe6 22. Re5 Rfd8 23. Rxg5 Rd2 24. Rb5 Rc6 25. a4 a6 26.
Rb4 a5 27. Rb5 Bc4 28. Re5 Rxb2 29. h4 Bb3 30. Ne4 Rc4 31. Ng5 g6 32. Rae1 Rxh4 33. g3 Rxa4 34. Re8+ Kg7 35. R1e7 Rg4 36. Ne4 Bd5 37.
f3 Rxe4 38. fxe4 Be6 39. Rb8 a4 40. Ra7 b5 41. Rxa4 Rb1+ 42. Kf2 Rb2+ 43. Ke1 Rb1+ 44. Kd2 Rb2+ 45. Ke1 Rb1+ 46. Kf2 Rb2+ 47. Kg1 Rb1+ 48.
Kf2 1/2-1/2

[Event "*** Titled Tuesday Blitz"]
[Site "Chess.com"]
[Date "2020.05.12"]
[Round "9"]
[White "SophieNikoladze"]
[Black "przemekpiotrowski"]
[Result "0-1"]
[WhiteElo "2166"]
[BlackElo "2439"]
[TimeControl "180+1"]
[EndTime "11:43:38 PDT"]
[Termination "przemekpiotrowski won by resignation"]

1. d4 c5 2. e3 cxd4 3. exd4 d5 4.
Bd3 Nc6 5. Nf3 Bg4 6. c3 Nf6 7.
O-O e6 8. Nbd2 Bd6 9. h3 Bh5 10.
Qb3 Rb8 11. Re1 O-O 12. Ne5 Bxe5 13. dxe5 Nd7 14. g4 Nc5 15. Bxh7+ Kxh7 16. Qb5 Nd7 17. gxh5 Qg5+ 18. Kf1 Qxh5 19. Qd3+ g6 20. f4 Kg7 21. Kg2 Rh8 22. Qf3 Qf5 23. Nf1 Nc5 24. Ne3 Qe4 25.
Qxe4 Nxe4 26. Ng4 Rh4 27. Rh1 Rbh8 28. Be3 b6 29. Rh2 Ne7 30. Rah1 Nf5 31. Bf2 R4h5 32. Ne3 Nxe3+ 33. Bxe3 Rc8 34. Kf3 Rc6 35. Rg2 a6 36. Kg4 b5 37. Rc2 Rc4 38. Rd1 g5 39. Rd4 Rh4+ 40. Kf3 Rxh3+ 41. Ke2 Rh2+ 42. Kd1 Rxc2 43. Kxc2 Rxd4 44. cxd4 g4 45. Kd3 Kg6 46. Ke2 Kh5 47.
b3 g3 48. Kf3 Kh4 49. Bg1 Kh3 50. Be3 Kh2 51. b4 g2 52. Ke2 g1=Q 0-1

[Event "*** Titled Tuesday Blitz"]
[Site "Chess.com"]
[Date "2020.05.12"]
[Round "9"]
[White "Slovak_fighter2000"]
[Black "mamey78"]
[Result "1/2-1/2"]
[WhiteElo "2533"]
[BlackElo "2378"]
[TimeControl "180+1"]
[EndTime "11:43:39 PDT"]
[Termination "Game drawn by repetition"]

1. d4 d5 2. Nf3 Nf6 3. c4 c6 4. Nc3 e6 5. e3 Nbd7 6. Qc2 Bd6 7. g4 Bb4 8. Bd2 b6 9. g5 Bxc3 10. Bxc3 Ne4 11. h4 O-O 12. Bd3 f5 13. O-O-O Ba6 14. cxd5 Bxd3 15. Rxd3 cxd5 16. Kb1 Rc8 17. Rc1 b5 18. Qe2 a5 19. Bd2 Rxc1+ 20. Bxc1 Qb6 21.
Rd1 b4 22. Nd2 a4 23. Nxe4 fxe4 24. Bd2 Rc8 25. Rc1 Rxc1+ 26. Bxc1 b3 27. Qd1 Qb5 28. Qg4 Kf7 29. Qh5+ Ke7 30. Qd1 Nb6 31. Qd2 bxa2+ 32. Ka1 Nc4 33. Qc3 Qb3 34. Qe1 a3 35. Qe2 axb2+ 36.
Bxb2 Kf7 37. Qh5+ Kf8 38. Qe2 Qb4 39. Kxa2 Qa4+ 40. Kb1 Qb3 41. Ka1 Qa4+ 42. Kb1 Qb3 43. Ka1 Qa4+ 44. Kb1 1/2-1/2

[Event "*** Titled Tuesday Blitz"]
[Site "Chess.com"]
[Date "2020.05.12"]
[Round "9"]
[White "ChelsieMonica"]
[Black "Yuri202062"]
[Result "1-0"]
[WhiteElo "2366"]
[BlackElo "2464"]
[TimeControl "180+1"]
[EndTime "11:43:39 PDT"]
[Termination "ChelsieMonica won on time"]

1. c4 e6 2. Nf3 d5 3. e3 Nf6 4. Nc3 c6 5. b3 Bd6 6. Be2 O-O 7.
Bb2 e5 8. cxd5 cxd5 9. Nb5 Nc6 10. Nxd6 Qxd6 11. O-O Bg4 12. h3 Bh5 13. Rc1 Rac8 14. d3 Rfd8 15. Qd2 h6 16. Nh4 Bxe2 17. Qxe2 Qe6 18.
f4 e4 19. f5 Qe7 20. dxe4 dxe4 21. Bxf6 Qxf6 22. Qg4 Re8 23. Qf4 Rcd8 24. Rc4 Ne5 25. Rxe4 Nd3 26. Rxe8+ Rxe8 27. Qg3 Qe5 28. Qxe5 Rxe5 29.
Rd1 Rxe3 30. Nf3 Kf8 31. Kf1 Ke7 32. Rd2 Kf6 33. a4 Kxf5 34. Nd4+ Ke4 35. Nc2 Rg3 36.
Re2+ Kd5 37. Re7 Nc5 38. b4 Nxa4 39. Rxb7 f5 40. Rxa7 Nc3 41. Ra5+ Ke4 42. Rc5 Kd3 43. Ne1+ Kd4 44. Nf3+ Kd3 45. b5 Ne4 46. Rxf5 Nd6 47.
Rd5+ 1-0

[Event "*** Titled Tuesday Blitz"]
[Site "Chess.com"]
[Date "2020.05.12"]
[Round "9"]
[White "NZT72"]
[Black "gui_borba"]
[Result "1/2-1/2"]
[WhiteElo "2468"]
[BlackElo "2350"]
[TimeControl "180+1"]
[EndTime "11:43:39 PDT"]
[Termination "Game drawn by repetition"]

1. c4 e5 2. g3 Nf6 3. Bg2 d5 4. cxd5 Nxd5 5. Nf3 Nc6 6. O-O Be7 7. d4 e4 8. Ne5 f5 9. Nxc6 bxc6 10. Qc2 Bd7 11. Nc3 O-O 12. f3 Bf6 13. e3 Nxc3 14. bxc3 exf3 15.
Bxf3 Re8 16. e4 fxe4 17. Bxe4 h6 18. Bf4 Rb8 19. Rae1 Rb6 20. Bg6 Rxe1 21. Rxe1 c5 22. dxc5 Rb8 23. Bd3 Bc6 24. Be4 Qf8 25. Be3 Bxe4 26.
Qxe4 Re8 27. Qc4+ Kh8 28. Bd2 Rxe1+ 29. Bxe1 Qe7 30. Bf2 Qd7 31. Bd4 Qg4 32. Qd3 Qd7 33.
Qe3 Bg5 34. Qe5 Qf7 35. Kg2 Qxa2+ 36. Kh3 Qf7 37. c6 Qh5+ 38. Kg2 Qf7 39. h4 Bf6 40.
Qe4 Qa2+ 41. Kh3 Qf7 42. Qf5 Kg8 43. Qc8+ Kh7 44. Qf5+ Kg8 45. Qc8+ Qf8 46. Qe6+ Qf7 47. Qc8+ 1/2-1/2

[Event "*** Titled Tuesday Blitz"]
[Site "Chess.com"]
[Date "2020.05.12"]
[Round "9"]
[White "MariaFominykh"]
[Black "mirochka"]
[Result "1-0"]
[WhiteElo "2336"]
[BlackElo "2168"]
[TimeControl "180+1"]
[EndTime "11:43:39 PDT"]
[Termination "MariaFominykh won by checkmate"]

1. d4 Nf6 2. Nf3 d5 3. c4 e6 4. Nc3 Be7 5. Bg5 O-O 6. e3 h6 7. Bh4 Ne4 8. Bxe7 Qxe7 9. cxd5 Nxc3 10. bxc3 exd5 11. Be2 c5 12. O-O Nc6 13. Rb1 b6 14. dxc5 Qxc5 15. Bb5 Bg4 16. Bxc6 Qxc6 17. Ne5 Bxd1 18.
Nxc6 Be2 19. Rfc1 Rfe8 20. a4 Re4 21. a5 bxa5 22. Nxa5 Ra4 23. Ra1 Rxa1 24. Rxa1 Rc8 25. Nb3 Rxc3 26. Nd4 Bc4 27. f3 a6 28. Kf2 Rd3 29. Nf5 Rd2+ 30. Kg3 Ra2 31. Rc1 a5 32. e4 a4 33. exd5 Bxd5 34. Ne7+ Kh7 35. Nxd5 a3 36. Nc3 Rb2 37. Ra1 Rb3 38. Ne4 Kg6 39. Nc5 Rc3 40. Nd7 f5 41. Ne5+ Kf6 42. Nd7+ Kg6 43.
Nb6 Kg5 44. Nd5 Rd3 45. h4+ Kh5 46. Nf4# 1-0

[Event "*** Titled Tuesday Blitz"]
[Site "Chess.com"]
[Date "2020.05.12"]
[Round "9"]
[White "quesfr"]
[Black "Efremov_Vlad"]
[Result "1-0"]
[WhiteElo "2281"]
[BlackElo "2129"]
[TimeControl "180+1"]
[EndTime "11:43:39 PDT"]
[Termination "quesfr won by resignation"]

1. e4 c5 2. c3 d5 3. exd5 Qxd5 4. d4 e6 5. Na3 Nf6 6. Nb5 Qd8 7. dxc5 Bxc5 8. Qxd8+ Kxd8 9. Bf4 Na6 10. Bd6 Bxd6 11. Nxd6 Ke7 12. Nxc8+ Rhxc8 13. Bxa6 bxa6 14. O-O-O Rab8 15. Nf3 Nd5 16. Rhe1 Kf8 17. Ne5 Rb7 18. Rd4 f6 19.
Nf3 Kf7 20. Ra4 Nb4 21. Rd1 a5 22. Rxa5 Nc6 23. Rc5 Ne7 24. Rxc8 Nxc8 25. Rd8 Ne7 26. Nd4 Nd5 27. g3 Rc7 28. h4 Ke7 29. Rh8 h6 30.
h5 Kf7 31. Kd2 Ne7 32. Rd8 Rb7 33. b3 Nd5 34. Rd6 Nc7 35. c4 Ke7 36. Ra6 Kf7 37. Kc3 Ke7 38. Nc6+ Kd7 39. Nxa7 Ke7 40. Nc6+ Kd7 41.
Nd4 Ke7 42. a4 Kd7 43. Ra5 Ke7 44. Rc5 Kd7 45. a5 Ra7 46. b4 Na6 47. Rb5 Nc7 48. Rb6 Ke7 49. Nc6+ Kd7 50. Nxa7 Na8 51. Rb7+ 1-0

[Event "*** Titled Tuesday Blitz"]
[Site "Chess.com"]
[Date "2020.05.12"]
[Round "9"]
[White "Anton_Demchenko"]
[Black "Papa12341234"]
[Result "1-0"]
[WhiteElo "2804"]
[BlackElo "2501"]
[TimeControl "180+1"]
[EndTime "11:43:40 PDT"]
[Termination "Anton_Demchenko won by checkmate"]

1. d4 Nf6 2. Nf3 g6 3. Bf4 Bg7 4. c3 O-O 5. Nbd2 d6 6. e4 Nbd7 7. Be2 c5 8. d5 Nh5 9. Be3 e6 10. dxe6 fxe6 11. Nc4 Nf4 12. Bxf4 Rxf4 13. Nxd6 Ne5 14.
O-O Nxf3+ 15. Bxf3 Be5 16. Nc4 Qxd1 17. Raxd1 Bc7 18.
a4 a6 19. Nd6 Rf8 20. Bg4 h5 21. Bh3 Bd7 22. Nxb7 Bxa4 23. Bxe6+ Kg7 24. b3 Bb5 25. c4 Bc6 26. Bd5 Bxb7 27. Bxb7 Rab8 28. Bxa6 Rxb3 29. g3 Be5 30. Rd7+ Rf7 31. Rxf7+ Kxf7 32. f4 Bd4+ 33. Kg2 Rb2+ 34. Kh3 Kf6 35. e5+ Ke6 36. Bc8+ Ke7 37. Ba6 Ke6 38. Bb5 Rc2 39. Be8 g5 40. fxg5 Bxe5 41. Bxh5 Ke7 42. Bf7 Bd4 43. Bd5 Re2 44. g6 Bf6 45. Rf4 Rc2 46.
g7 Bxg7 47. Rf7+ Kd6 48. Rxg7 Ke5 49. Rg4 Rf2 50. Re4+ Kf5 51. Rf4+ Rxf4 52. gxf4 Kxf4 53. Kh4 Kf5 54. Kh5 Kf4 55. h4 Kf5 56. Kh6 Kf6 57.
h5 Ke7 58. Kg7 Kd6 59. h6 Ke5 60. h7 Kd6 61. h8=Q Ke7 62. Qh6 Kd7 63. Qe6+ Kc7 64. Qc6+ Kd8 65. Qd6+ Kc8 66. Qxc5+ Kd7 67. Qc6+ Ke7 68.
Qe6+ Kd8 69. Qf7 Kc8 70. Qe7 Kb8 71. Qb7# 1-0

[Event "*** Titled Tuesday Blitz"]
[Site "Chess.com"]
[Date "2020.05.12"]
[Round "9"]
[White "Irishchessman16"]
[Black "Zq1"]
[Result "1/2-1/2"]
[WhiteElo "2426"]
[BlackElo "2539"]
[TimeControl "180+1"]
[EndTime "11:43:40 PDT"]
[Termination "Game drawn by repetition"]

1. d4 Nf6 2. Nf3 e6 3. e3 c5 4. Bd3 b6 5. O-O Bb7 6. b3 Be7 7. Bb2 O-O 8. c4 cxd4 9. exd4 d5 10. Nc3 Nc6 11. cxd5 Nxd5 12. Ne4 Nf6 13. Neg5 h6 14. Nh3 Rc8 15. Rc1 Nb4 16. Bb1 Rxc1 17. Bxc1 Be4 18. Bxe4 Nxe4 19. a3 Nd5 20. Ne5 Ndc3 21. Qf3 Qxd4 22.
Nc6 Qd6 23. Nxe7+ Qxe7 24. Bb2 Rc8 25. Rc1 Nd2 26. Qd3 Nxb3 27. Rxc3 Rd8 28. Qc2 Nd4 29. Qd1 e5 30. Rd3 Qc5 31. Bxd4 Rxd4 32. Rxd4 exd4 33. Nf4 Qxa3 34. g3 Qc3 35. Qd3 Qxd3 36.
Nxd3 Kf8 37. Kg2 Ke7 38. Kf3 f5 39. Kf4 Ke6 40. Nb4 a5 41. Nc6 Kd5 42. Ne7+ Kc4 43. Nxf5 a4 44. Ke4 d3 45. Ne3+ Kc3 46. Nd5+ Kc2 47. Nb4+ Kb3 48. Nxd3 a3 49. Kd5 Kc3 50. Nc1 Kb2 51. Nd3+ Kc3 52. Nc1 Kb2 53. Nd3+ Kc3 1/2-1/2